 Dungeon Crawl Stone Soup version 0.25-a0-474-ga8a2ee3166 (webtiles) character file.

Game seed: 13229499966087735326, levelgen mode: deterministic

7 vurker the Chiller (level 2, -2/20 HPs)
             Began as a Barachi Ice Elementalist on Feb 7, 2020.
             Killed from afar by a dart slug (6 damage)
             ... with a slug dart
             ... on level 1 of the Dungeon.
             The game lasted 00:01:13 (113 turns).

vurker the Chiller (Barachi Ice Elementalist)        Turns: 113, Time: 00:01:14

Health: -2/20      AC:  2    Str:  9    XL:     2   Next: 0%
Magic:  0/5        EV: 12    Int: 15    God:
Gold:   9          SH:  0    Dex: 12    Spells: 4/5 levels left

rFire    . . .     SeeInvis .   (no weapon)
rCold    . . .     Gourm    .   (no shield)
rNeg     . . .     Faith    .   a - +0 robe
rPois    .         Spirit   .   (no helmet)
rElec    .         Reflect  .   (no cloak)
rCorr    .         Harm     .   (no gloves)
MR       .....                  (no boots)
Stlth    ++........             (no amulet)
HPRegen  0.06/turn              (no ring)
MPRegen  0.09/turn              (no ring)

@: slow
A: +LOS, swims, slowness 1, strong legs 1
a: Hop


You were on level 1 of the Dungeon.
You were not hungry.

You visited 1 branch of the dungeon, and saw 1 of its levels.

You collected 9 gold pieces.

Inventory:

Armour
 a - a +0 robe (worn)
Comestibles
 b - a chunk of flesh
 e - 2 rations


   Skills:
 + Level 0.5 Fighting
 - Level 2.1 Dodging
 - Level 1.7 Stealth
 * Level 2.4 Spellcasting
 * Level 5.0 Ice Magic


You had 4 spell levels left.
You knew the following spells:

 Your Spells              Type           Power        Failure   Level  Hunger
a - Freeze                Ice            ###.         2%          1    #......

Your spell library contained the following spells:

 Spells                   Type           Power        Failure   Level  Hunger
 Frozen Ramparts          Ice            ###...       9%          3    ###....
 Ozocubu's Armour         Chrm/Ice       #.......     22%         3    ###....
 Hailstorm                Conj/Ice       #.......     58%         4    #####..
 Summon Ice Beast         Ice/Summ       #.......     58%         4    #####..


Dungeon Overview and Level Annotations

Branches:
Dungeon (1/15)

Altars:


Innate Abilities, Weirdness & Mutations

You can be seen from farther away. (+LOS)
You can swim through water.
You cover ground slowly.
You can hop short distances.


Message History

The goblin shouts!
A rat comes into view.
You now have 9 gold pieces.
The goblin shouts!
Aim: a goblin, wielding a +0 dagger You miscast Freeze.
You are very lightly contaminated with residual magic.
A chill runs through your body. The goblin hits you but does no damage.
Aim: a goblin, wielding a +0 dagger You freeze the goblin.
You kill the goblin!
You don't have enough magic to cast that spell.
You hit the rat but do no damage. The rat barely misses you.
Unknown command.
You hit the rat but do no damage. The rat misses you.
An ooze comes into view.
You closely miss the rat. The rat closely misses you.
You hit the rat but do no damage. The rat barely misses you.
You closely miss the rat. The rat barely misses you.
The ooze quivers.
You hit the rat but do no damage. The rat closely misses you.
You closely miss the rat. The rat barely misses you.
A dart slug comes into view.
You hit the rat. The rat barely misses you.
You closely miss the rat. The rat bites you.
You completely miss the rat. The rat misses you.
Aim: a rat (heavily wounded)
You freeze the rat.
You kill the rat!
Your Ice Magic skill increases to level 5!
You hit the goblin but do no damage. The goblin completely misses you.
You hit the goblin but do no damage. The goblin barely misses you.
The ooze jiggles.
The goblin hits you but does no damage.
Your magical contamination has completely faded away.
The goblin hits you with a +0 club.
* * * LOW HITPOINT WARNING * * *
Aim: a goblin, wielding a +0 club You freeze the goblin.
You kill the goblin!
You have reached level 2!
You hit the ooze but do no damage. The ooze barely misses you.
You hit the ooze. The ooze hits you.
* * * LOW HITPOINT WARNING * * *
The dart slug launches a dart at you. The slug dart hits you.
* * * LOW HITPOINT WARNING * * *
The dart slug launches a dart at you. The slug dart hits you.
You die...

#########
#.......##
#.####8#.#
##....##.#
##.<.##.#
#...##.#
##.##.##
##'@##
##########.J#
#..........##
#.........)#
#......รท...#
#..........#
..
#.....w....#
.#
#........).#
..
##.##.######


You could see an ooze and a dart slug.

Vanquished Creatures
  A dart slug (D:1)
  2 bats (D:1)
  2 goblins (D:1)
  A rat (D:1)
6 creatures vanquished.

Notes
Turn   | Place    | Note
-------+----------+-------------------------------------------
     0 | D:1      | vurker the Barachi Ice Elementalist began the quest for the
                  | Orb.
     0 | D:1      | Reached XP level 1. HP: 13/13 MP: 3/3
    98 | D:1      | Reached skill level 5 in Ice Magic
   109 | D:1      | Reached XP level 2. HP: 7/20 MP: 0/5
   113 | D:1      | Killed from afar by a dart slug

Levels and vault maps discovered:
D:1:      saegor_arrival_simple_e, layout_rooms

Skill      XL: |  1 |
---------------+----+-----
Ice Magic      | 5 |  5.0
Fighting       | |  0.5
Dodging        | |  2.1
Stealth        | |  1.7
Spellcasting   | |  2.4

Action                   || total
-------------------------++-------
Melee: Unarmed           ||    16
 Cast: Freeze            ||     7
Armor: Robe              ||     4
Dodge: Dodged            ||    21

Table legend:
 A = Non-vault XP
 B = Vault XP
 C = Vault XP percentage of total XP
 D = Non-vault monster count
 E = Vault monster count
 F = Vault count percentage of total count
                 A         B        C        D         E       F
            +---------+---------+-------+---------+---------+-------
      Total |      10 |       0 |   0.0 |       6 |       0 |   0.0
            +---------+---------+-------+---------+---------+-------
        D:1 |      10 |       0 |   0.0 |       6 |       0 |   0.0
            +---------+---------+-------+---------+---------+-------
